 Dungeon Crawl Stone Soup version 0.29.1-1-gd02db6906a (webtiles) character file.

Game seed: 11305445313674448056

789 holycorn the Cleaver (level 7, -3/91 HPs)
             Began as a Minotaur Berserker on Sept 21, 2022.
             Was a Priest of Trog.
             Slain by Pikel
             ... wielding a +2 whip of electrocution
              (18 damage)
             ... on level 6 of the Dungeon.
             The game lasted 00:08:52 (4968 turns).

holycorn the Cleaver (Minotaur Berserker)           Turns: 4968, Time: 00:08:53

Health: -3/91      AC: 12    Str: 23    XL:     7   Next: 56%
Magic:  6/6        EV:  5    Int:  4    God:    Trog [***...]
Gold:   262        SH:  0    Dex: 10    Spells: 6/6 levels left

rFire   . . .      SeeInvis .   y - +0 war axe
rCold   + . .      Faith    .   (no shield)
rNeg    . . .      Spirit   .   l - +0 chain mail
rPois   .          Reflect  .   r - +1 hat
rElec   .          Harm     .   c - +0 cloak
rCorr   .          Rampage  .   p - +0 pair of gloves
Will    .....                   (no boots)
Stlth   ..........              (no amulet)
HPRegen 0.25/turn               d - ring of protection from cold
MPRegen 0.10/turn               (no ring)

@: berserking, grasped by roots, constricted, very quick
A: horns 2, retaliatory headbutt
a: Renounce Religion, Berserk, Trog's Hand


You were on level 6 of the Dungeon.
You worshipped Trog.
Trog was most pleased with you.
You visited 1 branch of the dungeon, and saw 6 of its levels.

You collected 262 gold pieces.

Inventory:

Hand Weapons
 a - a +0 hand axe
 y - a +0 war axe (weapon)
Armour
 b - a +0 animal skin
 c - a +0 cloak (worn)
 l - a +0 chain mail (worn)
 p - a +0 pair of gloves (worn)
 r - a +1 hat (worn)
Jewellery
 d - a ring of protection from cold (left hand)
Wands
 x - a wand of paralysis (6)
 A - a wand of quicksilver (8)
Scrolls
 g - a scroll of enchant weapon {unknown}
 j - a scroll of immolation {unknown}
 o - 2 scrolls of teleportation
 s - a scroll of blinking {unknown}
 u - a scroll of identify
 z - a scroll of torment {unknown}
Potions
 e - a potion of berserk rage
 f - a potion of haste {unknown}
 h - 2 potions of degeneration
 i - a potion of mutation
 k - a potion of brilliance {unknown}
 m - a potion of flight {unknown}
 n - 2 potions of curing {unknown}
 q - 2 potions of might {unknown}
 t - a potion of ambrosia {unknown}
 v - 2 potions of invisibility {unknown}
 w - a potion of lignification {unknown}


   Skills:
 + Level 5.6 Fighting
 * Level 9.9 Axes
 - Level 2.4 Armour
 - Level 2.2 Dodging


You had 6 spell levels left.
You didn't know any spells.
Your spell library was empty.

Dungeon Overview and Level Annotations

Branches:
Dungeon (6/15)             Temple (0/1) D:4

Altars:
Dithmenos
Fedhas
Xom

Shops:
D:2 (   D:4 *

Annotations:
D:3 2 transporters
D:6 Pikel


Innate Abilities, Weirdness & Mutations

You have a pair of horns on your head.
You reflexively headbutt those who attack you in melee.


Message History

Pikel is moderately wounded.
You hit the lemure. x2; Pikel hits you but does no damage.
You are electrocuted!
An ogre comes into view. It is wielding a +0 giant club.
The lemure hits you. The lemure hits you!
A red film seems to cover your vision as you go berserk!
You feel yourself moving faster!
You feel mighty!
The ogre shouts!
You hear a shout!
The lemure hits you but does no damage. Pikel hits you but does no damage.
You are electrocuted!
You closely miss Pikel.
Pikel is moderately wounded.
You closely miss the lemure. You barely miss the lemure. You hit Pikel.
You headbutt Pikel.
Pikel is heavily wounded.
You slash the lemure! You closely miss the lemure. The lemure hits you.
Pikel drinks a potion.
Pikel is healed!
The lemure hits you but does no damage. The gnoll hits you but does no damage.
You closely miss Pikel. Your headbutt misses Pikel. You miss the lemure.
You hit the lemure. You barely miss the lemure.
The gnoll hits you from afar with a +0 spear.
The lemure hits you. x2; Pikel zaps a wand.
The roots erupt in riotous growth!
The grasping roots grab you!
The lemure is unaffected.
Pikel is unaffected.
The lemure is unaffected. x2
The grasping roots constrict you.
* * * LOW HITPOINT WARNING * * *
The lemure hits you but does no damage.
You hit Pikel.
Pikel is lightly wounded.
You slash the lemure! You closely miss the lemure. You slash the lemure!
You closely miss Pikel. Your headbutt misses Pikel.
Pikel is lightly wounded.
You miss the lemure. You slash the lemure! You closely miss the lemure.
The lemure hits you but does no damage.
The gnoll hits you from afar with a +0 spear.
* * * LOW HITPOINT WARNING * * *
The lemure hits you but does no damage.
Pikel hits you with a +2 whip of electrocution.
* * * LOW HITPOINT WARNING * * *
You are electrocuted!!
You die...

####.##......###
.......####....# ##.
)......# #....# ##...
.......####....##...
................#.# ..
..................#....
......................g.
......(..######g####....
.###..#.## #5@K5g.... #
#....# ##55g.....
...#### #O....... #..
#........ ......###
#.....# #.....# #.....#


You could see Pikel, an ogre, 4 lemures and 3 gnolls.

Vanquished Creatures
  An ogre (D:5)
  2 phantoms (D:5)
  A kobold brigand (D:5)
  A scorpion (D:4)
  A jelly (D:5)
  A hound (D:5)
  2 orc priests (D:4)
  Ijyb (D:5)
  2 iguanas (D:4)
  An orc wizard (D:5)
  6 gnolls
  6 adders
  A shadow imp (D:5)
  An ufetubus (D:4)
  A worm (D:2)
  2 dart slugs
  7 orcs
  7 endoplasms
  A giant cockroach (D:1)
  9 goblins
  4 hobgoblins
  7 jackals
  10 kobolds
  3 quokkas
  3 ball pythons
  4 bats
  4 frilled lizards
  3 rats
92 creatures vanquished.

Notes
Turn   | Place    | Note
-------+----------+-------------------------------------------
     0 | D:1      | holycorn the Minotaur Berserker began the quest for the
                  | Orb.
     0 | D:1      | Reached XP level 1. HP: 19/19 MP: 0/0
   315 | D:1      | Reached skill level 4 in Axes
   419 | D:1      | Reached XP level 2. HP: 21/27 MP: 1/1
   531 | D:1      | Found a faded altar of an unknown god.
  1595 | D:2      | Reached XP level 3. HP: 33/33 MP: 2/2
  1731 | D:2      | Found Ostut's Weapon Shoppe.
  1777 | D:2      | Reached skill level 5 in Axes
  2086 | D:3      | Found a transporter.
  2108 | D:3      | Found a transporter.
  2459 | D:3      | Reached ** piety under Trog
  2687 | D:3      | Found a blossoming altar of Fedhas.
  2693 | D:3      | Found a shimmering altar of Xom.
  2698 | D:3      | Found a shadowy altar of Dithmenos.
  2882 | D:4      | Found Peewkommus's Lightly-Used Armoury.
  2900 | D:4      | Reached XP level 4. HP: 26/41 MP: 3/3
  3155 | D:4      | Reached skill level 6 in Axes
  3161 | D:4      | Reached XP level 5. HP: 26/47 MP: 4/4
  3203 | D:4      | Reached skill level 7 in Axes
  3463 | D:4      | Found a staircase to the Ecumenical Temple.
  3838 | D:4      | Reached XP level 6. HP: 55/55 MP: 5/5
  4036 | D:5      | Entered Level 5 of the Dungeon
  4065 | D:5      | Reached skill level 5 in Fighting
  4073 | D:5      | Reached skill level 8 in Axes
  4266 | D:5      | Reached XP level 7. HP: 61/61 MP: 6/6
  4425 | D:5      | Reached skill level 9 in Axes
  4631 | D:5      | Noticed Ijyb
  4631 | D:5      | Paralysed by Ijyb for 2 turns
  4636 | D:5      | Paralysed by Ijyb for 3 turns
  4647 | D:5      | Killed Ijyb
  4647 | D:5      | Reached *** piety under Trog
  4957 | D:6      | Noticed Pikel
  4968 | D:6      | Slain by Pikel

Illustrated notes

Levels and vault maps discovered:
D:1:      lemuel_arrival_tunnels, layout_basic, serial_corexii_hall,
          corexii_hall_statues_l, corexii_hall_statues_x,
          shapermc_ecumenical_altar_totnotflames, minmay_misc_feat_plants
D:2:      layout_loops_ring, serial_shops, nicolae_shop_bloodbath_and_beyond,
          minmay_misc_feat_enclosed
D:3:      gammafunk_steamed_eel, layout_loops_cross,
          minmay_overflow_temple_star_quad
D:4:      layout_loops_ring, minmay_temple_entry_slanted, minmay_shop_damaged,
          chequers_serial_rivers_small_3
D:5:      layout_rooms, uniq_ijyb
D:6:      layout_rooms, uniq_eustachio, uniq_pikel, uniq_menkaure

Skill      XL: |  1  2  3  4  5  6  7 |
---------------+----------------------+-----
Axes           | 4 5 6 7 8 9 |  9.9
Fighting       | 4 5 |  5.6
Armour         | |  2.4
Dodging        | |  2.2

Action                   |  1- 3 |  4- 6 |  7- 9 || total
-------------------------+-------+-------+-------++-------
Melee: Hand axe          |    86 |   109 |    36 ||   231
       Headbutt          |    12 |    14 |     9 ||    35
       War axe           |       |       |     8 ||     8
Invok: Berserk           |       |     3 |     2 ||     5
  Use: Scroll            |       |     9 |       ||     9
Armor: Animal skin       |    12 |       |       ||    12
       Chain mail        |    24 |    54 |    30 ||   108
Dodge: Dodged            |    47 |    37 |    12 ||    96
